AoeStats
← 文風

MegaRandom

506481828Analyzed
1v1 RM · 18d ago on Sep 13, 2026· 47m 53s· 2 players
Game mode
Random Map
Map size
Tiny (2 player)
Population
200
Speed
Normal
Resources
Standard
Victory
Conquest
Starting age
Dark Age
Ending age
Imperial Age
RankedLock teamsTeams togetherTeam positionsShared explorationLock speedFull tech treeHidden civsTurbo modeCheats
Victory
Defeat
🇦🇷 Mongols · Argentina
1468
+15
🇭🇰 Spanish · Hong Kong SAR China
1446
-15
文風
9:36 Loom
11:31 Feudal Age
17:20 Double-Bit Axe
24:11 Castle Age
28:24 Imperial Age
27:24 Bow Saw
29:00 Fletching
29:49 Wheelbarrow
29:32 Gold Mining
30:36 Bodkin Arrow
32:16 Bracer
35:26 Padded Archer Armor
38:16 Chemistry
38:44 Leather Archer Armor
38:23 Elite Skirmisher
40:40 Ballistics
43:35 Conscription
47:04 Ring Archer Armor
Soloarqueros
8:39 Feudal Age
8:41 Man-at-Arms
11:33 Loom
13:20 Double-Bit Axe
16:12 Wheelbarrow
20:18 Castle Age
18:28 Fishing Lines
18:55 Horse Collar
20:10 Fletching
22:59 Bow Saw
27:04 Bodkin Arrow
29:03 Heavy Plow
30:38 Padded Archer Armor
33:45 Imperial Age
32:20 Bloodlines
33:57 Scale Mail Armor
34:51 Bracer
35:47 Leather Archer Armor
38:43 Chemistry
38:29 Conscription
38:35 Parthian Tactics
38:52 Hand Cart
39:21 Husbandry
40:20 Light Cavalry
41:41 Ballistics
41:39 Scale Barding Armor
43:09 Forging
44:20 Chain Barding Armor
46:18 Iron Casting
Connection lost

Rejoining the realm…

Still unreachable

The connection could not be restored.

Session expired

The server has moved on; the page needs a fresh start.